[Event "ICC tourney 2556 (25 5)"]
[Site "Internet Chess Club"]
[Date "2021.05.08"]
[Round "2"]
[White "YUEDUO XU, ANDY:K05-16732301"]
[Black "WU, MATTHEW:K05-16720313"]
[Result "1-0"]
[ICCResult "Black checkmated"]
[WhiteElo "1438"]
[BlackElo "951"]
[Opening "English: Bremen, reverse dragon"]
[ECO "A22"]
[NIC "EO.10"]
[Time "13:34:02"]
[PlyCount "75"]
[TimeControl "1500+5"]

1. c4 e5 2. Nc3 Nf6 3. g3 d5 4. cxd5 Nxd5 5. Bg2 Nxc3 6. bxc3 Bc5 7. Nf3
Nc6 8. Nxe5 Nxe5 9. d4 Ng4 10. h3 Nxf2 11. Kxf2 Bd6 12. Rf1 O-O 13. Qd3 Be6
14. Kg1 c6 15. Kh2 Bd5 16. e4 Be6 17. c4 c5 18. d5 Bd7 19. Bb2 Re8 20. Rae1
Be5 21. Bc1 Rb8 22. Bf4 b5 23. Rf2 Bxf4 24. gxf4 Bf5 25. cxb5 Qh4 26. Rff1
Bd7 27. a4 Rb6 28. e5 Rg6 29. f5 c4 30. Qf3 Bxf5 31. Qf2 Qxf2 32. Rxf2 Rd8
33. Rxf5 Rc8 34. e6 fxe6 35. dxe6 c3 36. e7 c2 37. e8=Q+ Rxe8 38. Rxe8# {
Black checkmated } 1-0

[Event "ICC tourney 2556 (25 5)"]
[Site "Internet Chess Club"]
[Date "2021.05.08"]
[Round "2"]
[White "AUSTIN YIM, ZACHERY:K05-16198943"]
[Black "ZIEGLER, NATE:K05-15967852"]
[Result "0-1"]
[ICCResult "White checkmated"]
[WhiteElo "1101"]
[BlackElo "1866"]
[Opening "Queen's pawn: Chigorin variation"]
[ECO "D00"]
[NIC "QP.08"]
[Time "13:33:22"]
[PlyCount "84"]
[TimeControl "1500+5"]

1. d4 d5 2. Nc3 Nf6 3. Bf4 c6 4. e3 e6 5. Nf3 Bd6 6. Bxd6 Qxd6 7. Bd3 Nbd7
8. O-O O-O 9. Qd2 e5 10. e4 exd4 11. Nxd4 dxe4 12. Bxe4 Ne5 13. Rad1 Nxe4
14. Nxe4 Qg6 15. Ng3 h5 16. Qe2 Ng4 17. h3 Nf6 18. Qd3 Qg5 19. Nf3 Qa5 20.
a3 Be6 21. b4 Qb6 22. Qd4 Rad8 23. Qxb6 axb6 24. Rfe1 b5 25. Ng5 Rxd1 26.
Rxd1 Bc4 27. N3e4 Nxe4 28. Nxe4 Ra8 29. Nc5 Rxa3 30. Nxb7 Ra2 31. Na5 Bd5
32. c3 Rc2 33. Rd3 g6 34. Kh2 Rxf2 35. Kg3 Rxg2+ 36. Kf4 Re2 37. Rd4 Rc2
38. Rd3 f6 39. Rg3 g5+ 40. Kf5 Kf7 41. Nb7 Rf2+ 42. Rf3 Rxf3# { White
checkmated } 0-1

[Event "ICC tourney 2556 (25 5)"]
[Site "Internet Chess Club"]
[Date "2021.05.08"]
[Round "2"]
[White "FRANCO PRASANNA, KEVIN:K05-15771571"]
[Black "AGARWAL, VISHISHT:K05-17044688"]
[Result "0-1"]
[ICCResult "White resigns"]
[WhiteElo "1346"]
[BlackElo "893"]
[Opening "Giuoco Pianissimo"]
[ECO "C50"]
[NIC "IG.02"]
[Time "13:32:35"]
[PlyCount "104"]
[TimeControl "1500+5"]

1. e4 e5 2. Nf3 Nc6 3. Bc4 Bc5 4. d3 h6 5. Be3 Bb6 6. Nc3 Nf6 7. Nd5 O-O 8.
O-O d6 9. Nxb6 axb6 10. h3 Be6 11. Bxe6 fxe6 12. c3 Qe8 13. Qc2 Qg6 14. Nh2
Rf7 15. Qe2 Raf8 16. b4 Ne7 17. a4 Ra8 18. b5 Raf8 19. c4 Qh5 20. Qxh5 Nxh5
21. a5 bxa5 22. Rxa5 b6 23. Ra7 Rc8 24. Rfa1 Rff8 25. Ng4 Ng6 26. Nh2 Nhf4
27. Bxf4 Nxf4 28. R1a3 Ne2+ 29. Kf1 Nd4 30. f3 Nc2 31. Ra2 Nd4 32. Ng4 Kh7
33. Ne3 Nb3 34. R7a3 Nc5 35. Nd1 g5 36. Nb2 Kg6 37. Na4 Nb7 38. Kf2 Na5 39.
Nb2 Rf7 40. Nd1 Rcf8 41. Nc3 h5 42. Ne2 h4 43. Nc1 Kh5 44. Ne2 Nb7 45. d4
exd4 46. Nxd4 e5 47. Nc6 Nc5 48. Nb4 Nxe4+ 49. Ke3 Nc5 50. Nd5 Ne6 51. Ra1
Nd4 52. Ra7 Nc2+ { White resigns } 0-1

[Event "ICC tourney 2556 (25 5)"]
[Site "Internet Chess Club"]
[Date "2021.05.08"]
[Round "2"]
[White "KUMAR, ANIRUDH:K05-30045956"]
[Black "JAVERI, RIAAN:K05-16378238"]
[Result "1/2-1/2"]
[ICCResult "Game drawn by the 50 move rule"]
[WhiteElo "924"]
[BlackElo "1417"]
[Opening "Caro-Kann defense"]
[ECO "B10"]
[NIC "CK.01"]
[Time "13:33:10"]
[PlyCount "270"]
[TimeControl "1500+5"]

1. e4 c6 2. Nf3 d5 3. exd5 cxd5 4. d4 Nc6 5. Be3 Bf5 6. a3 Nf6 7. Nc3 a6 8.
h3 e6 9. Bd3 Bxd3 10. Qxd3 Bd6 11. O-O O-O 12. Bg5 h6 13. Bh4 Be7 14. Rab1
Nd7 15. Bxe7 Qxe7 16. Rfe1 Qf6 17. Rbd1 Nb6 18. b3 Rac8 19. Ne2 Rc7 20. Rc1
Rfc8 21. Ng3 Ne7 22. Ne5 Rc3 23. Qd2 Nf5 24. Nxf5 Qxf5 25. Nd3 Nd7 26. g4
Qf3 27. Re3 Qf6 28. Ne5 Nxe5 29. dxe5 Qf4 30. Kg2 R3c5 31. c3 d4 32. Rd3
Qxd2 33. Rxd2 dxc3 34. Re2 Kf8 35. Kf3 Ke7 36. Ke4 g6 37. Rec2 f5+ 38. Kd4
Rd5+ 39. Ke3 Rxe5+ 40. Kf4 Re4+ 41. Kf3 Kf6 42. Rxc3 Rd8 43. gxf5 gxf5 44.
Re3 Red4 45. Rc7 Rb8 46. Rec3 e5 47. Rh7 Kg6 48. Re7 Kf6 49. Rh7 Kg6 50.
Re7 Rd5 51. Re3 e4+ 52. Kf4 Rd2 53. Rg3+ Kf6 54. Rh7 Rxf2+ 55. Ke3 f4+ 56.
Kxf2 fxg3+ 57. Kxg3 Kg5 58. Re7 Kf5 59. Kf2 b6 60. Ke3 Rg8 61. Rxe4 Rg3+
62. Kd4 Rxh3 63. b4 Rxa3 64. Re5+ Kf6 65. Rd5 Ke6 66. Rh5 Kd7 67. Rxh6 Kc7
68. Kc4 b5+ 69. Kd4 Ra4 70. Kc5 Ra1 71. Rc6+ Kb7 72. Rb6+ Kc7 73. Rc6+ Kd7
74. Rd6+ Ke7 75. Rb6 Ra2 76. Rh6 Rc2+ 77. Kb6 Ra2 78. Kb7 Ra4 79. Rxa6 Rxb4
80. Rb6 Kd7 81. Ka6 Kc7 82. Rxb5 Ra4+ 83. Ra5 Rb4 84. Rc5+ Kd6 85. Rb5 Rc4
86. Rb6+ Kc7 87. Rb7+ Kc6 88. Rb6+ Kc7 89. Rb7+ Kc8 90. Rb5 Kc7 91. Rb7+
Kc6 92. Rb6+ Kc5 93. Rb5+ Kc6 94. Rb6+ Kc7 95. Rb7+ Kc8 96. Rb5 Ra4+ 97.
Ra5 Rb4 98. Rb5 Rc4 99. Rb6 Kc7 100. Rb7+ Kc8 101. Rb5 Ra4+ 102. Ra5 Rc4
103. Rb5 Kc7 104. Rb7+ Kc8 105. Rb5 Ra4+ 106. Ra5 Rb4 107. Rb5 Rc4 108. Rb6
Kc7 109. Rb7+ Kc6 110. Rb6+ Kc5 111. Rb5+ Kd4 112. Ka5 Kc3 113. Rb8 Rc5+
114. Rb5 Rc8 115. Rb6 Ra8+ 116. Ra6 Rb8 117. Rb6 Rc8 118. Rb7 Kc4 119. Rb4+
Kc5 120. Rb5+ Kc6 121. Rb6+ Kc7 122. Rb5 Ra8+ 123. Kb4 Kc6 124. Rc5+ Kb6
125. Rb5+ Kc6 126. Rc5+ Kd6 127. Ra5 Rb8+ 128. Rb5 Rc8 129. Rh5 Rb8+ 130.
Rb5 Rc8 131. Rh5 Rb8+ 132. Rb5 Rc8 133. Rh5 Re8 134. Rh6+ Kd7 135. Rh7+ Kd6
{ Game drawn by the 50 move rule } 1/2-1/2

[Event "ICC tourney 2556 (25 5)"]
[Site "Internet Chess Club"]
[Date "2021.05.08"]
[Round "2"]
[White "CHEN, YEWEI:K05-15857340"]
[Black "JAMES KONG, MILO:K05-16203724"]
[Result "0-1"]
[ICCResult "White checkmated"]
[WhiteElo "1051"]
[BlackElo "1570"]
[Opening "French defense"]
[ECO "C01"]
[NIC "FR.01"]
[Time "13:33:42"]
[PlyCount "124"]
[TimeControl "1500+5"]

1. e4 e6 2. d4 b6 3. a3 Bb7 4. Nc3 Nf6 5. e5 Nd5 6. Nxd5 Bxd5 7. c4 Bb7 8.
Nf3 d5 9. Bf4 c5 10. Be2 Be7 11. Qc2 dxc4 12. Qxc4 O-O 13. O-O cxd4 14.
Nxd4 Bc5 15. Rfd1 Bd5 16. Qc3 Bxd4 17. Qxd4 Nc6 18. Qc3 Rc8 19. Bf3 Ne7 20.
Qe3 Qc7 21. Rac1 Qb7 22. Rxc8 Rxc8 23. Bxd5 Nxd5 24. Qf3 Qc7 25. h3 h6 26.
Qg3 Kh8 27. Rc1 Qd7 28. Rd1 Qa4 29. Rc1 Rxc1+ 30. Bxc1 Qd1+ 31. Kh2 Qxc1
32. Qd3 Qf4+ 33. Kg1 Qxe5 34. Qc2 Nf4 35. Qc8+ Kh7 36. Qc2+ g6 37. Kf1 Qd5
38. f3 Qd3+ 39. Qxd3 Nxd3 40. b3 a5 41. g3 Nc5 42. b4 axb4 43. axb4 Na6 44.
b5 Nc7 45. Ke2 Nxb5 46. Kd3 Nd6 47. Kd4 b5 48. Kc5 Kg7 49. f4 Kf6 50. g4 e5
51. fxe5+ Kxe5 52. Kb4 f5 53. gxf5 gxf5 54. Kc5 f4 55. Kb4 f3 56. Kc3 f2
57. Kd2 f1=Q 58. Kc2 b4 59. Kb3 Qc4+ 60. Kb2 b3 61. Kb1 Qc2+ 62. Ka1 Qa2# {
White checkmated } 0-1

[Event "ICC tourney 2556 (25 5)"]
[Site "Internet Chess Club"]
[Date "2021.05.08"]
[Round "2"]
[White "DAMBAL, SASHA:K05-30022386"]
[Black "SANDY, ADRIAN:K05-16647505"]
[Result "0-1"]
[ICCResult "White resigns"]
[WhiteElo "821"]
[BlackElo "384"]
[Opening "Four knights: Italian variation"]
[ECO "C55"]
[NIC "IG.01"]
[Time "13:34:44"]
[PlyCount "110"]
[TimeControl "1500+5"]

1. e4 e5 2. Nf3 Nc6 3. Bc4 Nf6 4. Nc3 Nxe4 5. Nxe4 d5 6. Bxd5 Qxd5 7. Nc3
Qd8 8. d3 Bg4 9. h3 Bh5 10. Ne2 Bxf3 11. gxf3 Bc5 12. Be3 Bxe3 13. fxe3
Qh4+ 14. Kd2 Qb4+ 15. Kc1 O-O-O 16. a3 Qb6 17. Qg1 Kb8 18. Rb1 Qc5 19. Nc3
Ne7 20. e4 Qxg1+ 21. Rxg1 g6 22. Kd2 Nc6 23. Ne2 Rd6 24. b4 a6 25. b5 axb5
26. Rxb5 f6 27. a4 Nd4 28. Nxd4 exd4 29. Ra1 c6 30. Rbb1 Kc7 31. a5 Ra8 32.
h4 Re6 33. Re1 Re5 34. f4 Rexa5 35. Rxa5 Rxa5 36. e5 fxe5 37. fxe5 Kd7 38.
Re4 Rd5 39. c4 dxc3+ 40. Kxc3 Ke6 41. d4 b6 42. Rf4 c5 43. Rf6+ Ke7 44.
Rxb6 cxd4+ 45. Kd3 Rxe5 46. Kxd4 Rh5 47. Rb7+ Kf6 48. Rb6+ Kg7 49. Rb7+ Kh6
50. Rb6 Rxh4+ 51. Ke5 Rh5+ 52. Kf6 Rf5+ 53. Ke6 Kg5 54. Rb1 Rf4 55. Ke5 h5
{ White resigns } 0-1

[Event "ICC tourney 2556 (25 5)"]
[Site "Internet Chess Club"]
[Date "2021.05.08"]
[Round "2"]
[White "COE, CAMERON:K05-16062903"]
[Black "POLKAMPALLI, RONAK:K05-17322765"]
[Result "1-0"]
[ICCResult "Black resigns"]
[WhiteElo "915"]
[BlackElo "526"]
[Opening "QGD Slav: 4.Nc3"]
[ECO "D15"]
[NIC "SL.03"]
[Time "13:33:58"]
[PlyCount "75"]
[TimeControl "1500+5"]

1. d4 d5 2. c4 c6 3. Nc3 Nf6 4. Nf3 Bf5 5. Bf4 e6 6. cxd5 exd5 7. e3 Bb4 8.
Be2 Nbd7 9. O-O O-O 10. Bd3 Bxd3 11. Qxd3 c5 12. a3 Ba5 13. Qc2 Re8 14.
Rad1 c4 15. Bg5 Nb6 16. b4 cxb3 17. Qxb3 Rc8 18. Ne2 h6 19. Bh4 Re4 20. Bg3
Nfd7 21. Nf4 Rc3 22. Qa2 Nc4 23. Nxd5 Rxa3 24. Qxc4 Nb6 25. Nxb6 axb6 26.
Ne5 Rc3 27. Qxf7+ Kh8 28. Qxb7 Rc7 29. Qxe4 b5 30. Ng6+ Kg8 31. Bxc7 Bxc7
32. Ne5 Qd6 33. Ra1 Qf8 34. Ng6 Qd6 35. Ra8+ Kh7 36. Nf4+ g6 37. Rfa1 Kg7
38. Qe8 { Black resigns } 1-0

[Event "ICC tourney 2556 (25 5)"]
[Site "Internet Chess Club"]
[Date "2021.05.08"]
[Round "2"]
[White "BENJAMIN STIEGLITZ, RHYS:K05-16850181"]
[Black "GU LIN, BENJAMIN:K05-15976160"]
[Result "1/2-1/2"]
[ICCResult "Game drawn by repetition"]
[WhiteElo "1014"]
[BlackElo "1496"]
[Opening "Scotch gambit: Dubois-Réti defense"]
[ECO "C55"]
[NIC "KP.02"]
[Time "13:34:40"]
[PlyCount "168"]
[TimeControl "1500+5"]

1. e4 e5 2. Nf3 Nc6 3. d4 exd4 4. Bc4 Nf6 5. e5 d5 6. Bb5 Nd7 7. Bxc6 bxc6
8. O-O Be7 9. Nxd4 Nxe5 10. Re1 Ng6 11. Nxc6 Qd7 12. Nxe7 Nxe7 13. Qe2 Qe6
14. Qb5+ Qd7 15. Qe2 c6 16. Bg5 f6 17. Bd2 a5 18. Nc3 Ra7 19. Be3 Rb7 20.
Na4 Qg4 21. Nc5 Qxe2 22. Rxe2 Rc7 23. Bf4 Ra7 24. Rae1 Kf7 25. Bd6 Nf5 26.
Bb8 Re7 27. Rxe7+ Nxe7 28. Bd6 Nf5 29. Bf4 Nd4 30. c3 Ne6 31. Nxe6 Bxe6 32.
Bc7 a4 33. Rd1 Rc8 34. Bb6 Rb8 35. Be3 Rxb2 36. Ra1 Bf5 37. h3 Ke6 38. Bd4
Kd6 39. Kf1 a3 40. Be3 Rb1+ 41. Rxb1 Bxb1 42. Bc1 Bxa2 43. Bxa3+ Ke5 44.
Ke2 Ke4 45. f3+ Kf4 46. Bd6+ Kf5 47. Bf8 g6 48. Ke3 Ke5 49. f4+ Kf5 50. g4+
Ke6 51. h4 Bc4 52. h5 gxh5 53. gxh5 Kf7 54. Bh6 Bf1 55. Kd4 Ke6 56. Kc5 Kd7
57. Bg7 f5 58. h6 Bb5 59. Be5 Ke6 60. Kd4 Kf7 61. Ke3 Kg6 62. Bg7 c5 63.
Bf8 Bc4 64. Bxc5 Kxh6 65. Kd4 Kh5 66. Ke5 Kg4 67. Bf8 h5 68. Be7 h4 69.
Bxh4 Kxh4 70. Kxf5 Kg3 71. Kg5 Bb5 72. f5 Bd7 73. f6 Be6 74. Kg6 Kf4 75.
Kg7 Ke3 76. Kf8 Kd3 77. Ke7 Bg8 78. Kf8 Be6 79. Ke7 Bg8 80. Kf8 Be6 81. Ke7
Bg8 82. Kf8 Be6 83. Ke7 Bg8 84. Kf8 Be6 { Game drawn by repetition }
1/2-1/2

[Event "ICC tourney 2556 (25 5)"]
[Site "Internet Chess Club"]
[Date "2021.05.08"]
[Round "2"]
[White "MORITANI, SHO:K05-16760848"]
[Black "LUNA, LIAM:K05-16268715"]
[Result "1-0"]
[ICCResult "Black checkmated"]
[WhiteElo "1456"]
[BlackElo "989"]
[Opening "Sicilian: Nimzovich-Rossolimo attack (with ...g6, without ...d6)"]
[ECO "B31"]
[NIC "SI.31"]
[Time "13:33:14"]
[PlyCount "125"]
[TimeControl "1500+5"]

1. e4 c5 2. Nf3 Nc6 3. Bb5 g6 4. Bxc6 bxc6 5. O-O d5 6. e5 Bg7 7. c3 Bg4 8.
d4 cxd4 9. cxd4 Rc8 10. Re1 e6 11. Be3 Ne7 12. Nbd2 Nf5 13. h3 Bxf3 14.
Nxf3 Nxe3 15. fxe3 O-O 16. Rc1 Qb6 17. Qd2 c5 18. Rc3 Qb4 19. a3 Qb6 20.
Rec1 c4 21. R3c2 f6 22. exf6 Bxf6 23. Rf1 Bg7 24. Qe2 Qd6 25. e4 Rce8 26.
Re1 Qg3 27. Rcc1 Re7 28. exd5 Ref7 29. dxe6 Rxf3 30. e7 Re8 31. Qxf3 Qxf3
32. gxf3 Bxd4+ 33. Kh1 Bf2 34. Re2 Bg3 35. Rxc4 Kf7 36. Kg2 Bd6 37. Ra4 Bc5
38. Rh4 h5 39. Rf4+ Kg7 40. Rfe4 Kf6 41. b4 Bb6 42. a4 Kg5 43. a5 Bc7 44.
Rc2 Bd6 45. b5 Kf6 46. b6 axb6 47. axb6 Kf7 48. b7 g5 49. Rc8 g4 50. fxg4
hxg4 51. hxg4 Rxe7 52. Rxe7+ Kxe7 53. b8=Q Bxb8 54. Rxb8 Kf6 55. Rb5 Kg6
56. Kf3 Kg7 57. Rb6 Kf7 58. g5 Kg7 59. Kf4 Kf7 60. Kf5 Kg7 61. Rb7+ Kg8 62.
Kf6 Kf8 63. Rb8# { Black checkmated } 1-0

[Event "ICC tourney 2556 (25 5)"]
[Site "Internet Chess Club"]
[Date "2021.05.08"]
[Round "2"]
[White "JOSHI, OM:K05-30018177"]
[Black "SANGHANI, RITIKA:K05-16470815"]
[Result "1/2-1/2"]
[ICCResult "Game drawn by repetition"]
[WhiteElo "540"]
[BlackElo "1039"]
[Opening "Two knights defense (Modern bishop's opening)"]
[ECO "C55"]
[NIC "IG.01"]
[Time "13:34:04"]
[PlyCount "174"]
[TimeControl "1500+5"]

1. e4 e5 2. Nf3 Nc6 3. Bc4 Nf6 4. d3 h6 5. Nc3 Bc5 6. O-O d6 7. h3 O-O 8.
Be3 Bb6 9. Qe2 Be6 10. Bb3 Re8 11. Nd5 Ba5 12. Nxf6+ Qxf6 13. c3 Bb6 14.
Qd2 Qg6 15. Kh2 Rad8 16. Rfe1 d5 17. exd5 Bxd5 18. c4 Ba5 19. Qe2 Bxe1 20.
cxd5 Nd4 21. Qxe1 Nxf3+ 22. gxf3 b6 23. Qd2 Qh5 24. f4 e4 25. dxe4 Rxe4 26.
Bc2 Ree8 27. f5 Rd6 28. Rg1 Re7 29. Bd1 Qxf5 30. Bxh6 Qh7 31. Rxg7+ Qxg7
32. Bxg7 Kxg7 33. Qg5+ Kf8 34. Qh4 Rg6 35. Bc2 Rg7 36. Be4 a6 37. Bg2 a5
38. Qd4 Rd7 39. Qf6 Rd6 40. Qf5 Rd8 41. Qf4 Rd7 42. Qe5 Re7 43. Qc3 Rd7 44.
Qa3+ Kg8 45. Qc3 Kf8 46. Qc6 Re7 47. d6 cxd6 48. Qxd6 Rg6 49. Qa3 Ke8 50.
Qa4+ Kf8 51. Qa3 Ke8 52. Qf3 Kf8 53. Qa8+ Re8 54. Qf3 Re7 55. Qa3 Ke8 56.
b3 Kf8 57. Qb2 Kg8 58. Qc2 Kf8 59. Be4 Rg7 60. Bg2 Kg8 61. Qb2 Kf8 62. Qf6
Rg6 63. Qc3 Rg7 64. Qc1 Re6 65. Qb2 Reg6 66. f3 Rxg2+ 67. Qxg2 Rxg2+ 68.
Kxg2 Kg7 69. Kg3 Kg6 70. h4 f6 71. f4 f5 72. Kh3 Kh5 73. Kg3 b5 74. a3 a4
75. b4 Kg6 76. Kf3 Kh5 77. Kg3 Kg6 78. Kf3 Kh5 79. Kg3 Kg6 80. Kh3 Kh5 81.
Kg3 Kg6 82. Kg2 Kh5 83. Kg3 Kg6 84. Kh3 Kh5 85. Kg3 Kg6 86. Kf3 Kh5 87. Kg3
Kg6 { Game drawn by repetition } 1/2-1/2

[Event "ICC tourney 2556 (25 5)"]
[Site "Internet Chess Club"]
[Date "2021.05.08"]
[Round "2"]
[White "HAN WU, SEAN:K05-16802870"]
[Black "ROY, AYUSH:K05-16710940"]
[Result "1/2-1/2"]
[ICCResult "Game drawn by mutual agreement"]
[WhiteElo "1046"]
[BlackElo "1548"]
[Opening "Sicilian: closed, 2...Nc6"]
[ECO "B23"]
[NIC "SI.44"]
[Time "13:33:22"]
[PlyCount "199"]
[TimeControl "1500+5"]

1. e4 c5 2. Nc3 Nc6 3. Bb5 d6 4. Bxc6+ bxc6 5. f4 e6 6. Nf3 d5 7. d3 Be7 8.
O-O Bb7 9. e5 Nh6 10. h3 Nf5 11. g4 Nd4 12. Nxd4 cxd4 13. Ne2 c5 14. Ng3
Bh4 15. Kg2 Bxg3 16. Kxg3 g6 17. Bd2 h5 18. Rh1 h4+ 19. Kh2 c4 20. Be1 Rc8
21. Rf1 Qc7 22. c3 dxc3 23. Bxc3 Qc6 24. d4 Qd7 25. Qf3 Rb8 26. f5 gxf5 27.
gxf5 exf5 28. Qxf5 Qxf5 29. Rxf5 Bc8 30. Rf4 Ke7 31. Raf1 Be6 32. a3 Rh7
33. Rf6 Kd7 34. R6f4 Rb3 35. R1f2 a6 36. R4f3 Rb5 37. Be1 Ke7 38. Rf4 Rb3
39. R4f3 Rb5 40. Rg2 Kd7 41. Bb4 a5 42. Be1 a4 43. Bb4 Rb8 44. Bd6 Rc8 45.
Re2 Rg7 46. Ree3 Rh7 47. Rf4 Ke8 48. Rc3 Kd7 49. Kg2 Rg8+ 50. Kh2 Rhg7 51.
Rc2 Rh7 52. Rg2 Rc8 53. Bb4 Rb8 54. Rf3 Kc6 55. Be7 Kd7 56. Bf6 Kc6 57.
Rgf2 Kd7 58. Rf4 Rb3 59. R4f3 Rb8 60. Kg1 Rg8+ 61. Kh2 Rb8 62. Rg2 Rh5 63.
Kg1 Kc6 64. Kf1 Rb7 65. Kg1 Rb8 66. Kf1 Rf5 67. Rxf5 Bxf5 68. Rh2 Rb3 69.
Bxh4 Rxh3 70. Rxh3 Bxh3+ 71. Kf2 Kd7 72. Kg3 Bf5 73. Kf4 Ke6 74. Ke3 Be4
75. Kd2 Kf5 76. Ke3 Kg4 77. Be1 Bd3 78. Kd2 Kf3 79. Kc3 Ke2 80. Bd2 Kd1 81.
Bg5 Ke2 82. Kb4 Bc2 83. Kc3 Bb3 84. Bd2 Kf3 85. Bh6 Ke4 86. Bd2 Bd1 87. Kb4
Kxd4 88. Bc3+ Kd3 89. Kc5 Bf3 90. Bd4 Ke4 91. Bc3 Bg4 92. Bd4 Be6 93. Bc3
Kd3 94. Bd4 Kc2 95. Bc3 Kb3 96. Bd4 Kc2 97. Bc3 Kd3 98. Bd4 Ke4 99. Bc3 Kf5
100. Bd4 { Game drawn by mutual agreement } 1/2-1/2

[Event "ICC tourney 2556 (25 5)"]
[Site "Internet Chess Club"]
[Date "2021.05.08"]
[Round "2"]
[White "LIN, LEIA:K05-17110828"]
[Black "SETHI, KANWAR:K05-16874098"]
[Result "0-1"]
[ICCResult "White forfeits on time"]
[WhiteElo "1256"]
[BlackElo "852"]
[Opening "Sicilian: dragon, classical attack"]
[ECO "B73"]
[NIC "SI.16"]
[Time "13:33:34"]
[PlyCount "112"]
[TimeControl "1500+5"]

1. e4 c5 2. Nf3 g6 3. d4 cxd4 4. Nxd4 Nf6 5. Nc3 d6 6. Be3 Bg7 7. Be2 O-O
8. O-O Nc6 9. h3 d5 10. exd5 Nxd5 11. Nxd5 Qxd5 12. Bf3 Qd7 13. Nxc6 bxc6
14. Qxd7 Bxd7 15. Rfd1 Rfd8 16. Rxd7 Rxd7 17. Bxc6 Rad8 18. Bxd7 Rxd7 19.
c3 Rb7 20. Rd1 f5 21. Rd2 Kf7 22. Kf1 a6 23. Ke2 Ke6 24. Kf3 Be5 25. Bf4
Bf6 26. Ke3 g5 27. Bh2 g4 28. hxg4 fxg4 29. Bf4 Rb5 30. Rc2 Kf5 31. b3 e5
32. Bg3 h5 33. f3 Bg5+ 34. Ke2 h4 35. fxg4+ Kxg4 36. Bf2 Rd5 37. c4 Rd6 38.
b4 e4 39. b5 Re6 40. Be3 Bd8 41. a4 Kg3 42. Ke1 Ba5+ 43. Kf1 Rf6+ 44. Kg1
Rd6 45. Rf2 Rd3 46. Ba7 e3 47. Rf3+ Kg4 48. Rxe3 Rd1+ 49. Kf2 Rc1 50. Re4+
Kf5 51. Rd4 Bc3 52. Rd5+ Ke6 53. Kf3 Be5 54. Rc5 Rf1+ 55. Ke2 Rc1 56. Rc6+
Kd7 { White forfeits on time } 0-1

[Event "ICC tourney 2556 (25 5)"]
[Site "Internet Chess Club"]
[Date "2021.05.08"]
[Round "2"]
[White "SAMPATHKUMAR, GURU:K05-16282718"]
[Black "JIANG, LUCAS:K05-16314627"]
[Result "0-1"]
[ICCResult "White checkmated"]
[WhiteElo "1141"]
[BlackElo "1953"]
[Opening "Giuoco Piano"]
[ECO "C54"]
[NIC "IG.02"]
[Time "13:34:49"]
[PlyCount "84"]
[TimeControl "1500+5"]

1. e4 e5 2. Nf3 Nc6 3. Bc4 Bc5 4. c3 Nf6 5. d3 a6 6. a4 Ba7 7. O-O h6 8.
Re1 O-O 9. Nbd2 d6 10. Nf1 Be6 11. Bxe6 fxe6 12. Qb3 Qd7 13. Ng3 Kh8 14.
Nh4 Qf7 15. Nf3 Ng4 16. Rf1 b5 17. axb5 axb5 18. Ra3 b4 19. Ra4 Rab8 20.
Qc2 Rbd8 21. h3 Nxf2 22. Rxf2 Qg6 23. Kh2 Bxf2 24. Qxf2 Ra8 25. Rxa8 Rxa8
26. Nh4 Qe8 27. Ne2 Kh7 28. Qg3 Qf7 29. Nf3 Ne7 30. Qh4 Ng6 31. Qh5 Kg8 32.
d4 bxc3 33. Nxc3 exd4 34. Nxd4 Qf6 35. Qb5 Qxd4 36. Qc6 Rf8 37. Qxc7 Qe5+
38. Kg1 Qg3 39. Nb5 Qe1+ 40. Kh2 Rf1 41. Qc8+ Kh7 42. Nxd6 Rh1# { White
checkmated } 0-1

[Event "ICC tourney 2556 (25 5)"]
[Site "Internet Chess Club"]
[Date "2021.05.08"]
[Round "2"]
[White "JAVERI, ARHAN:K05-16378223"]
[Black "MATHUR, AASHI:K05-17111754"]
[Result "1-0"]
[ICCResult "Black checkmated"]
[WhiteElo "1495"]
[BlackElo "1012"]
[Opening "Queen's bishop game"]
[ECO "D02"]
[NIC "QP.06"]
[Time "13:33:07"]
[PlyCount "157"]
[TimeControl "1500+5"]

1. d4 Nf6 2. Nf3 d5 3. Bf4 c5 4. c3 Bf5 5. Nbd2 e6 6. e3 Be7 7. Bb5+ Nc6 8.
O-O O-O 9. Rc1 Ne4 10. Nxe4 dxe4 11. Ne5 Nxe5 12. Bxe5 Bh4 13. f3 Qg5 14.
Qe2 exf3 15. Qxf3 Bg4 16. Qf4 Qh5 17. h3 Bf5 18. Qf3 Qg6 19. Qe2 Bxh3 20.
Bd3 f5 21. Qd2 Bg4 22. Bc4 Bg5 23. Rce1 Rae8 24. g3 Qh5 25. Rf2 Bf3 26. Rh2
Qg4 27. Kf2 Be4 28. Be2 Bxe3+ 29. Qxe3 Qg6 30. Bh5 f4 31. gxf4 Qf5 32. Bxe8
Rxe8 33. Rg1 Re7 34. Qg3 g6 35. Qg5 Qf7 36. Qf6 Qf8 37. Qh8+ Kf7 38. Rxh7+
Ke8 39. Qxf8+ Kxf8 40. Rxe7 Kxe7 41. dxc5 Kd7 42. Ke3 Bd5 43. Rxg6 Bxa2 44.
Rg7+ Kc6 45. Bd4 a5 46. Rg6 Kb5 47. Ke4 a4 48. Rg7 Bd5+ 49. Kd3 Bc4+ 50.
Ke3 Bd5 51. Rd7 Kc4 52. Rh7 Kb3 53. Rh2 Bc6 54. Be5 Be8 55. Kd4 Bg6 56. Bd6
Bc2 57. c4 Kxb2 58. c6 bxc6 59. Ke5 a3 60. Bxa3+ Kb3 61. Kxe6 Be4 62. f5
Kxc4 63. f6 Bd5+ 64. Ke7 c5 65. Bxc5 Kxc5 66. Rh5 Kc6 67. Rxd5 Kxd5 68. f7
Kd4 69. f8=Q Kd3 70. Qf4 Kc2 71. Qe3 Kd1 72. Qf2 Kc1 73. Qe2 Kb1 74. Qd2
Ka1 75. Kd6 Kb1 76. Kc5 Ka1 77. Kb4 Kb1 78. Kb3 Ka1 79. Qb2# { Black
checkmated } 1-0

[Event "ICC tourney 2556 (25 5)"]
[Site "Internet Chess Club"]
[Date "2021.05.08"]
[Round "3"]
[White "PAYNE, MASON:K05-16659363"]
[Black "CHOI, SHAWN:K05-16907434"]
[Result "0-1"]
[ICCResult "White checkmated"]
[WhiteElo "420"]
[BlackElo "1354"]
[Opening "Giuoco Pianissimo: Canal variation"]
[ECO "C47"]
[NIC "KP.06"]
[Time "15:32:02"]
[PlyCount "38"]
[TimeControl "1500+5"]

1. e4 e5 2. Nf3 Nc6 3. Nc3 Nf6 4. Bc4 Bc5 5. d3 d6 6. Bg5 h6 7. Bh4 Bg4 8.
Nd5 g5 9. Nxf6+ Qxf6 10. Bg3 Nd4 11. Bb5+ Nxb5 12. c3 O-O-O 13. c4 Nd4 14.
O-O Nxf3+ 15. gxf3 Bxf3 16. Qa4 Qe6 17. Qxa7 Bxa7 18. Rfd1 Qh3 19. Rf1 Qg2#
{ White checkmated } 0-1

[Event "ICC tourney 2556 (25 5)"]
[Site "Internet Chess Club"]
[Date "2021.05.08"]
[Round "3"]
[White "MICHAEL KAGAN, BENYAMIN:K05-30083267"]
[Black "SRINIVASAN, VISHWATH:K05-16418200"]
[Result "0-1"]
[ICCResult "White checkmated"]
[WhiteElo "301"]
[BlackElo "731"]
[Opening "English: Carls' Bremen system"]
[ECO "A22"]
[NIC "EO.10"]
[Time "15:32:44"]
[PlyCount "26"]
[TimeControl "1500+5"]

1. c4 e5 2. Nc3 Nf6 3. g3 Nc6 4. Bg2 Bc5 5. Nh3 d6 6. O-O O-O 7. b3 Bf5 8.
Bb2 Qd7 9. d3 Bxh3 10. Bxh3 Qxh3 11. e3 Ng4 12. Re1 Qxh2+ 13. Kf1 Qxf2# {
White checkmated } 0-1

[Event "ICC tourney 2556 (25 5)"]
[Site "Internet Chess Club"]
[Date "2021.05.08"]
[Round "3"]
[White "BHATT, DEV:K05-16675618"]
[Black "KRISHNAN, SHREYANK:K05-16258876"]
[Result "0-1"]
[ICCResult "White checkmated"]
[WhiteElo "883"]
[BlackElo "1486"]
[Opening "Four knights: Scotch variation"]
[ECO "C47"]
[NIC "SO.01"]
[Time "15:31:07"]
[PlyCount "38"]
[TimeControl "1500+5"]

1. Nf3 Nc6 2. Nc3 Nf6 3. e4 e5 4. d4 Bb4 5. dxe5 Nxe4 6. Bd2 Nxc3 7. Bxc3
Bxc3+ 8. bxc3 O-O 9. Bd3 Re8 10. O-O Nxe5 11. Nxe5 Rxe5 12. Qg4 d6 13. Qg3
Rg5 14. Qh4 Rxg2+ 15. Kxg2 Qxh4 16. Kh1 Bh3 17. Rg1 Qf4 18. Rae1 Qf3+ 19.
Rg2 Qxg2# { White checkmated } 0-1

[Event "ICC tourney 2556 (25 5)"]
[Site "Internet Chess Club"]
[Date "2021.05.08"]
[Round "3"]
[White "HOJA, SABRINA:K05-16995856"]
[Black "AMBIL, ANKITH:K05-30069257"]
[Result "1-0"]
[ICCResult "Black resigns"]
[WhiteElo "924"]
[BlackElo "100"]
[Opening "QGD: Chigorin defense"]
[ECO "D07"]
[NIC "QP.08"]
[Time "15:31:27"]
[PlyCount "25"]
[TimeControl "1500+5"]

1. d4 d5 2. c4 Nc6 3. Nf3 Nb8 4. cxd5 Nf6 5. Nc3 Nc6 6. dxc6 bxc6 7. e4 e6
8. Bg5 Bb4 9. e5 Ng8 10. Bxd8 Kxd8 11. Qb3 Nf6 12. exf6 gxf6 13. Qxb4 {
Black resigns } 1-0